 Dungeon Crawl Stone Soup version 0.28-a0-872-g80cf8599ee (webtiles) character file.

Game seed: 9228302507349503586

25 greenreed the Poker (level 3, 0/35 HPs)
             Began as a Gnoll Cinder Acolyte on Nov 20, 2021.
             Was an Initiate of Ignis.
             Slain by Blork the orc (12 damage)
             ... on level 5 of the Dungeon.
             The game lasted 00:03:20 (601 turns).

greenreed the Poker (Gnoll Cinder Acolyte)           Turns: 601, Time: 00:03:20

Health: 0/35       AC:  2    Str: 13    XL:     3   Next: 4%
Magic:  7/7        EV: 11    Int: 13    God:    Ignis [......]
Gold:   37         SH:  0    Dex:  8    Spells: 7/7 levels left

rFire   + + .      SeeInvis .   g - +7 dagger "Ozooxo" {freeze, *Noise Fly rF+ rC+++}
rCold   + + +      Faith    .   (no shield)
rNeg    . . .      Spirit   .   b - +0 robe
rPois   .          Reflect  .   (no helmet)
rElec   .          Harm     .   (no cloak)
rCorr   .          Rampage  .   (no gloves)
Will    .....                   (no boots)
Stlth   +.........              (no amulet)
HPRegen 0.11/turn               (no ring)
MPRegen 0.10/turn               (no ring)

@: lethally poisoned (0 -> -1), flying
A: fangs 1, strong nose, distributed training
a: Renounce Religion, Rising Flame


You were on level 5 of the Dungeon.
You worshipped Ignis.
Ignis was noncommittal.
You visited 1 branch of the dungeon, and saw 5 of its levels.

You collected 37 gold pieces.

Inventory:

Hand Weapons
 a - a -1 spear of flaming
 g - the +7 dagger "Ozooxo" (weapon) {freeze, *Noise Fly rF+ rC+++}
   (You found it on level 4 of the Dungeon)

   It freezes those it strikes, dealing additional cold damage.
   It can also slow down cold-blooded creatures.
   rF:        It protects you from fire.
   rC:        It renders you almost immune to cold.
   Fly:       It grants you flight.
   *Noise:    It may make noises in combat.
Armour
 b - a +0 robe (worn)
Scrolls
 d - a scroll of enchant weapon {unknown}
 e - a scroll of vulnerability {unknown}
 f - a scroll of fog {unknown}
 h - a scroll of identify {unknown}
Potions
 c - a potion of attraction {unknown}


   Skills:
 + Level 6.5 Fighting
 + Level 0.5 Short Blades
 + Level 0.5 Long Blades
 + Level 0.5 Axes
 + Level 0.5 Maces & Flails
 + Level 6.5 Polearms
 + Level 0.5 Staves
 + Level 0.5 Slings
 + Level 0.5 Bows
 + Level 0.5 Crossbows
 + Level 0.5 Throwing
 + Level 0.5 Armour
 + Level 0.5 Dodging
 + Level 0.5 Stealth
 + Level 0.5 Shields
 + Level 0.5 Unarmed Combat
 + Level 2.7 Spellcasting
 + Level 0.4 Conjurations
 + Level 0.4 Hexes
 + Level 0.4 Summonings
 + Level 0.4 Necromancy
 + Level 0.4 Translocations
 + Level 0.4 Transmutations
 + Level 5.4 Fire Magic
 + Level 0.4 Ice Magic
 + Level 0.4 Air Magic
 + Level 0.4 Earth Magic
 + Level 0.4 Poison Magic
 + Level 0.7 Invocations
 + Level 0.5 Evocations


You had 7 spell levels left.
You didn't know any spells.
Your spell library contained the following spells:

 Spells                   Type           Power      Damage    Failure   Level
 Scorch                   Fire           30%        2d6       3%          2


Dungeon Overview and Level Annotations

Branches:
Dungeon (5/15)
 Temple: D:4-7

Altars:

Annotations:
D:5 Blork the orc


Innate Abilities, Weirdness & Mutations

You have very sharp teeth.
Your uncanny sense of smell can sniff out nearby items.
Your experience applies equally to all skills.


Message History

Found 16 arrows.
There is a stone staircase leading up here.
Blork the orc comes into view.
He is wielding a +0 war axe.
Blork the orc shouts!
Blork the orc casts a spell at you. The magic dart hits you.
An adder comes into view.
The adder hisses angrily.
Blork the orc grins evilly.
Found a stone staircase leading down.
Found 16 stones.
Blork the orc looks braver for a moment.
You closely miss the adder. The adder barely misses you.
You barely miss the adder. The adder bites you.
You puncture the adder! You freeze the adder. Your bite misses the adder.
The adder is almost dead.
The adder bites you. The adder bites you but does no damage.
Blork the orc casts a spell at you. The puff of flame hits you. You resist.
You miss the adder.
The adder is almost dead.
The adder barely misses you.
You miss the adder.
The adder is almost dead.
The adder bites you.
You are poisoned.
The adder poisons you!
You hit the adder.
The adder seems to slow down.
You freeze the adder.
You kill the adder!
You feel sick.
Blork the orc mumbles some strange words.
Blork the orc seems to speed up.
You have reached level 3!
Your experience leads to an increase in your attributes!
Increase (S)trength, (I)ntelligence, or (D)exterity?
You feel agile.
You feel sick.
You feel sick.
Blork the orc hits you with a +0 war axe!
You die...

### ...#### .......
..(...## ..#.#...# #
...>....######## ..
#..@o....$.##.##
.......#####........
....... ###....#.##
##.#######.#....# ..
#....<..##.# #
#.###.#....#
#.#.##.# ....# #
...#..


You could see Blork the orc (fast).

Vanquished Creatures
  An adder (D:5)
  A bat (D:1)
  3 endoplasms (D:1)
  2 quokkas (D:1)
  2 ball pythons (D:1)
  2 frilled lizards (D:1)
  3 kobolds (D:1)
  A rat (D:1)
15 creatures vanquished.

Vanquished Creatures (others)
  69 foxfires (D:1)
69 creatures vanquished.

Grand Total: 84 creatures vanquished

Notes
Turn   | Place    | Note
-------+----------+-------------------------------------------
     0 | D:1      | greenreed the Gnoll Cinder Acolyte began the quest for the
                  | Orb.
     0 | D:1      | Reached XP level 1. HP: 23/23 MP: 4/4
   271 | D:1      | Reached XP level 2. HP: 29/29 MP: 5/5
   525 | D:4      | Identified the +7 dagger "Ozooxo" {freeze, *Noise Fly rF+
                  | rC+++}
   585 | D:5      | Entered Level 5 of the Dungeon
   587 | D:5      | Noticed Blork the orc
   600 | D:5      | Reached XP level 3. HP: 14/35 MP: 7/7
   601 | D:5      | Slain by Blork the orc

Illustrated notes

Levels and vault maps discovered:
D:1:      saegor_arrival_simple_d, layout_rooms
D:2:      layout_loops_ring
D:3:      layout_basic, chequers_serial_rivers_micro_a
D:4:      layout_loops_ring, minmay_temple_entry_stoned_glass,
          lightli_corner_chamber
D:5:      layout_basic, st_stairs_14, kennysheep_diamond, uniq_prince_ribbit1,
          uniq_pikel, uniq_blork_the_orc

Action                   || total
-------------------------++-------
Melee: Spear             ||    28
       Dagger            ||     6
Invok: Foxfire Swarm     ||     8
Armor: Robe              ||     7
Dodge: Dodged            ||    23

Table legend: (Time is in decaauts)
 A = Elapsed time spent in this place.
 B = Non-inter-level travel time spent in this place.
 C = Inter-level travel time spent in this place.
 D = Time resting spent in this place.
 E = Time spent auto-exploring this place.
 F = Levels seen in this place.
 G = Mean time per level.
                   A        B        C        D        E       F      G
               +--------+--------+--------+--------+--------+-----+--------+
         Total |    593 |    575 |     18 |      0 |    409 |   5 |  118.6 |
       Dungeon |    593 |    575 |     18 |      0 |    409 |   5 |  118.6 |
               +--------+--------+--------+--------+--------+-----+--------+

Top non-repeatable levels by time:
     D:1: 455 daAuts
     D:4: 63 daAuts
     D:3: 39 daAuts
     D:2: 18 daAuts
     D:5: 15 daAuts
